 Dungeon Crawl Stone Soup version 0.21.1-1-g345015fe64 (webtiles) character file.

63 HeroTen the Grave Robber (level 4, 0/30 HPs)
             Began as a Human Necromancer on July 20, 2018.
             Slain by an orc
             ... wielding a +0 hand axe
              (3 damage)
             ... on level 3 of the Dungeon.
             The game lasted 00:15:57 (2099 turns).

HeroTen the Grave Robber (Human Necromancer)        Turns: 2099, Time: 00:15:57

Health: 0/30       AC:  6    Str:  8    XL:     4   Next: 30%
Magic:  8/8        EV: 12    Int: 17    God:
Gold:   182        SH:  0    Dex: 13    Spells: 3/8 levels left

rFire    . . .     SeeInvis .   w - +1 quarterstaff (curse)
rCold    . . .     Gourm    .   (shield currently unavailable)
rNeg     . . .     Faith    .   a - +1 robe
rPois    .         Spirit   .   (no helmet)
rElec    .         Reflect  .   (no cloak)
rCorr    .         Harm     .   (no gloves)
MR       .....                  m - +2 pair of boots
Stlth    ++........             (no amulet)
HPRegen  0.10/turn              (no ring)
MPRegen  0.11/turn              (no ring)

@: no status effects
A: no striking features
a: no special abilities


You were on level 3 of the Dungeon.
You were not hungry.

You visited 1 branch of the dungeon, and saw 3 of its levels.

You collected 182 gold pieces.

Inventory:

Hand Weapons
 e - a +0 club
 f - a +0 whip
 h - a +0 club
 w - a cursed +1 quarterstaff (weapon)
Armour
 a - a +1 robe (worn)
 m - a +2 pair of boots (worn)
 n - a -2 ring mail
Wands
 r - a wand of polymorph (14)
Scrolls
 g - a scroll of magic mapping
 k - a scroll of teleportation
 p - 2 scrolls of amnesia
 q - a scroll of identify
Potions
 d - a potion of haste {unknown}
 i - a potion of ambrosia {unknown}
 j - 3 potions of degeneration {unknown}
 l - 2 potions of might {unknown}
 o - a potion of mutation {unknown}
 t - a potion of curing {unknown}
 u - 2 potions of lignification {unknown}
 v - a potion of heal wounds {unknown}
Books
 b - a book of Necromancy

   Spells                             Type                      Level
   a - Pain                           Necromancy                   1
   b - Animate Skeleton               Necromancy                   1
   c - Vampiric Draining              Necromancy                   3
   d - Regeneration                   Charms/Necromancy            3
   e - Animate Dead                   Necromancy                   4
   f - Borgnjor's Vile Clutch         Necromancy/Earth             5
Comestibles
 c - a ration


   Skills:
 + Level 2.0 Dodging
 + Level 2.3 Stealth
 * Level 2.9 Spellcasting
 * Level 4.8 Necromancy


You had 3 spell levels left.
You knew the following spells:

 Your Spells              Type           Power        Failure   Level  Hunger
a - Pain                  Necr           ###.         2%          1    None
b - Animate Skeleton      Necr           N/A          2%          1    None
c - Vampiric Draining     Necr           ###.......   7%          3    ###....


Dungeon Overview and Level Annotations

Branches:
Dungeon (3/15)

Altars:
Ru
Yredelemnul
The Shining One


Message History

There is a stone staircase leading down here.
You hit the orc.
The orc is severely wounded.
The orc hits you with a hand axe. The orc hits you but does no damage.
You closely miss the orc.
The orc is severely wounded.
The orc hits you with a hand axe.
* * * LOW HITPOINT WARNING * * *
The orc hits you with a falchion.
* * * LOW HITPOINT WARNING * * *
You barely miss the orc.
The orc is severely wounded.
The orc closely misses you. The orc barely misses you.
The orc hits you with a hand axe.
* * * LOW HITPOINT WARNING * * *
The orc closely misses you.
You climb downwards.
There is a stone staircase leading up here.
The orc hits you with a hand axe.
You die...

#......'..#_.'.....####,,,,,**,**
#.....#########........,***,,,,*
#(.....'..#..'......###** **,,**
##..#..#.###.#..#...# *,**
#..#..#.....#..#..## *,***
########.....####### **,,,*
#...#...(.......#..# *,,*,*
........#####...oo.# *,**,**
#...##### #....@.### *,**,,*
###...#** ###.##...#******,***,,
###...**** #..........#*,,* **,
*##...,**#######..#....*****,
****##,,,* *#.#,*..* *,,, *,*
***,*** *...,,,***,,, *,* *,,,***
*##.#*,,,,,,, *,* ***,,,***
*.#*,***,,, *****,* ***,,,*
**,#*,,,,,,,


You could see 2 orcs.

Vanquished Creatures
  An adder (D:3)
  2 worms
  A dart slug (D:3)
  2 leopard geckos
  4 orcs
  4 bats
  A giant cockroach (D:2)
  3 goblins
  8 hobgoblins
  A ball python (D:1)
  2 frilled lizards (D:1)
  3 kobolds
  4 rats
  A spectral orc (D:2)
37 creatures vanquished.

Vanquished Creatures (collateral kills)
  A leopard gecko (D:1)
  A rat (D:1)
2 creatures vanquished.

Grand Total: 39 creatures vanquished

Notes
Turn   | Place    | Note
-------+----------+-------------------------------------------
     0 | D:1      | HeroTen the Human Necromancer began the quest for the Orb.
     0 | D:1      | Reached XP level 1. HP: 13/13 MP: 3/3
   141 | D:1      | Reached XP level 2. HP: 15/19 MP: 1/5
   229 | D:1      | Learned a level 1 spell: Animate Skeleton
   759 | D:1      | Reached XP level 3. HP: 24/24 MP: 3/6
   977 | D:1      | Found a glowing golden altar of the Shining One.
  1569 | D:2      | Learned a level 3 spell: Vampiric Draining
  1605 | D:2      | Found a basalt altar of Yredelemnul.
  1961 | D:3      | Found a sacrificial altar of Ru.
  2007 | D:3      | Reached XP level 4. HP: 25/30 MP: 2/8
  2099 | D:3      | Slain by an orc

Action                   |  1- 3 |  4- 6 || total
-------------------------+-------+-------++-------
Melee: Whip              |     7 |       ||     7
       Quarterstaff      |     1 |     8 ||     9
 Cast: Pain              |    65 |     3 ||    68
       Animate Skeleton  |     5 |       ||     5
  Use: Scroll            |     9 |       ||     9
  Eat: Ration            |     1 |     1 ||     2
Armor: Robe              |     5 |     3 ||     8
Dodge: Dodged            |    22 |    11 ||    33
